 Dungeon Crawl Stone Soup version 0.20-a0-871-g785f14b (webtiles) character file.

104 Dfrag the Firebug (level 4, -3/36 HPs)
             Began as a Naga Fire Elementalist on Mar 14, 2017.
             Was an Initiate of Vehumet.
             Slain by an orc
             ... wielding a +0 club
              (5 damage)
             ... on level 3 of the Dungeon.
             The game lasted 00:02:29 (1222 turns).

Dfrag the Firebug (Naga Fire Elementalist)          Turns: 1222, Time: 00:02:29

Health: -3/36      AC:  3    Str: 11    XL:     4   Next: 80%
Magic:  1/8        EV:  9    Int: 16    God:    Vehumet [......]
Gold:   124        SH:  0    Dex: 11    Spells: 1/9 levels left

rFire    . . .     SeeInvis +   v - +2 mace (drain)
rCold    + . .     Gourm    .   x - +1 leather armour {rC+}
rNeg     + . .     Faith    .   (no shield)
rPois    +         Spirit   .   (no helmet)
rElec    .         Reflect  .   (no cloak)
rCorr    .         Harm     .   (no gloves)
MR       .....                  (no barding)
Stlth    ++........             (no amulet)
Regen    0.2/turn               m - ring of flight
MPRegen  0.2/turn               g - ring of positive energy

@: short of breath, very slightly contaminated, very slow
A: see invisible, deformed body, poison resistance, slowness 2, slow metabolism
1, spit poison 1, AC +1
a: Spit Poison, Renounce Religion, Evoke Flight


You were on level 3 of the Dungeon.
You worshipped Vehumet.
Vehumet was noncommittal.
You were not hungry.

You visited 1 branch of the dungeon, and saw 3 of its levels.

You collected 124 gold pieces.

Inventory:

Hand Weapons
 f - a +0 short sword of speed
 v - a +2 mace of draining (weapon)
Armour
 a - a +0 robe
 x - a +1 leather armour of cold resistance (worn)
Jewellery
 g - a ring of positive energy (left hand)
 m - a ring of flight (right hand)
Scrolls
 d - a scroll of remove curse {unknown}
 e - 3 scrolls of identify {unknown}
 j - a scroll of enchant armour {unknown}
 l - a scroll of magic mapping {unknown}
 p - 4 scrolls of teleportation {unknown}
 q - a scroll of immolation {unknown}
 u - a scroll of recharging {unknown}
Potions
 i - a potion of cancellation {unknown}
 k - a potion of brilliance {unknown}
 n - 2 potions of flight {unknown}
 o - a potion of curing {unknown}
 r - a potion of agility {unknown}
 s - a potion of might {unknown}
 t - a potion of berserk rage {unknown}
Books
 b - a book of Flames

   Spells                             Type                      Level
   a - Flame Tongue                   Conjuration/Fire             1
   b - Throw Flame                    Conjuration/Fire             2
   c - Conjure Flame                  Conjuration/Fire             3
   d - Inner Flame                    Hexes/Fire                   3
   e - Sticky Flame                   Conjuration/Fire             4
   f - Fireball                       Conjuration/Fire             5
Comestibles
 c - 4 bread rations
 h - 2 fruits
 w - a chunk of flesh


   Skills:
 - Level 1.5 Dodging
 - Level 3.0 Stealth
 + Level 3.1 Spellcasting
 + Level 2.2 Conjurations
 + Level 4.0 Fire Magic


You had one spell level left.
You knew the following spells:

 Your Spells              Type           Power        Failure   Level  Hunger
a - Flame Tongue          Conj/Fire      ##...        10%         1    None
b - Conjure Flame         Conj/Fire      ##......     24%         3    ###....
c - Sticky Flame          Conj/Fire      ##......     78%         4    ####...


Dungeon Overview and Level Annotations

Branches:
Dungeon (3/15)

Altars:
Gozag
Vehumet

Annotations:
D:3 Sigmund


Innate Abilities, Weirdness & Mutations

You cannot wear boots.
Your serpentine skin is tough. (AC +1)
You have supernaturally acute eyesight. (SInv)
Armour fits poorly on your strangely shaped body.
Your system is resistant to poisons. (rPois)
You cover ground very slowly.
You have a slow metabolism.
You can spit poison.


Message History

The orc is heavily wounded.
You feel slightly more hungry. The orc hits you with a club.
* * * LOW HITPOINT WARNING * * *
The orc hits you.
* * * LOW HITPOINT WARNING * * *
Unknown command.
You hit the orc but do no damage. The orc hits you with a club.
* * * LOW HITPOINT WARNING * * *
The orc hits you but does no damage.
Casting: Flame Tongue
Confirm with . or Enter, or press ? or * to list all spells.
Aiming: Flame Tongue
Press: ? - help, Shift-Dir - straight line, f/p - orc
Aim: an orc (severely wounded, poisoned)
The flame tongue hits the orc.
You kill the orc!
Vehumet accepts your kill.
Your Fire Magic skill increases to level 4!
The orc hits you with a club.
You die...

.<......# ........#
......)o## ######..#
#.......#
####.......#
#..........##
#######.†.........#
#......@o.......#.#
#...............#.##
#.......#.......'...
#########.......#.#.#
#.#.)...(...#
#.#.#)###...
#.#.#).<# #.#.###.#
#+#.. ..#


You could see an orc.

Vanquished Creatures
  A gnoll (D:1)
  2 adders (D:2)
  An ooze (D:1)
  2 dart slugs
  7 orcs (D:3)
  4 bats
  4 giant cockroaches (D:1)
  12 goblins
  6 hobgoblins
  6 kobolds
  A quokka (D:2)
  4 frilled lizards
  8 rats
58 creatures vanquished.

Notes
Turn   | Place    | Note
-------+----------+-------------------------------------------
     0 | D:1      | Dfrag the Naga Fire Elementalist began the quest for the Orb.
     0 | D:1      | Reached XP level 1. HP: 15/15 MP: 3/3
   111 | D:1      | Reached XP level 2. HP: 19/22 MP: 5/5
   175 | D:1      | Reached XP level 3. HP: 4/28 MP: 0/6
   629 | D:2      | Reached XP level 4. HP: 25/36 MP: 3/8
   634 | D:2      | Learned a level 3 spell: Conjure Flame
   639 | D:2      | Learned a level 4 spell: Sticky Flame
   668 | D:2      | Found a radiant altar of Vehumet.
   722 | D:2      | Found an opulent altar of Gozag.
   725 | D:2      | Became a worshipper of Vehumet
  1212 | D:3      | Noticed Sigmund
  1222 | D:3      | Reached skill level 4 in Fire Magic
  1222 | D:3      | Slain by an orc

Vault maps used:
D:1:      dpeg_arrival_boxes_within_box
D:2:      grunt_temple_overflow_open
D:3:      tso_oasis_becter, nicolae_overflow_crystal_walls, uniq_sigmund,
          uniq_terence

Skill      XL: |  1  2  3  4 |
---------------+-------------+-----
Conjurations   | 2 |  2.2
Spellcasting   | 3 |  3.1
Fire Magic     | 4 |  4.0
Dodging        | |  1.5
Stealth        | |  3.0

Action                   |  1- 3 |  4- 6 || total
-------------------------+-------+-------++-------
Melee: Short sword       |    33 |    26 ||    59
       Mace              |       |    10 ||    10
 Cast: Flame Tongue      |    23 |    30 ||    53
 Abil: Spit Poison       |    12 |    12 ||    24
 Stab: Sleeping          |     1 |       ||     1
  Eat: Chunk             |       |     2 ||     2
Armor: Robe              |     2 |    11 ||    13
       Leather armour    |       |     2 ||     2
Dodge: Dodged            |    31 |    28 ||    59
